 Dungeon Crawl Stone Soup version 0.31.0-12-g77e489cdc1 (webtiles) character file.

Game seed: 10623002739420369734

77 lordive the Ruffian (level 4, 0/28 HPs)
             Began as an Octopode Shapeshifter on Mar 2, 2024.
             Killed from afar by an orc wizard (10 damage)
             ... with a puff of flame
             ... on level 2 of the Dungeon.
             The game lasted 00:01:37 (1309 turns).

lordive the Ruffian (Octopode Shapeshifter)         Turns: 1309, Time: 00:01:38

Health: 0/28       AC:  1    Str: 13    XL:     4   Next: 34%
Magic:  4/4        EV: 13    Int: 14    God:
Gold:   152        SH:  0    Dex: 11    Spells: 3/3 levels left

rFire   . .          .
                       - Unarmed
rCold   . . .        (no shield)
rNeg    . . .        (helmet currently unavailable)
rPois   .            (no amulet)
rElec   .            (no ring)
rCorr   .            (no ring)
SInv    .            (no ring)
Will    .....        (no ring)
Stlth   +++          (no ring)
HPRegen 0.24/turn    (no ring)
MPRegen 0.09/turn    (no ring)
                     (no ring)

%: no passive effects
@: beast-form
A: beast (slay +2), almost no armour, amphibious, 8 rings, camouflage 1,
gelatinous body 1, (nimble swimmer 1), tentacles
a: Begin Untransformation


You were on level 2 of the Dungeon.
You were a hulking beast.
You visited 1 branch of the dungeon, and saw 2 of its levels.

You collected 152 gold pieces.

Inventory:

Armour
 l - a +0 buckler
Jewellery
 e - an amulet of faith
Talismans
 b - a beast talisman
 c - a flux talisman
Scrolls
 d - 3 scrolls of identify {unknown}
 g - a scroll of vulnerability {unknown}
 h - a scroll of teleportation {unknown}
 i - a scroll of noise {unknown}
 j - a scroll of fog {unknown}
 k - a scroll of fear {unknown}
Potions
 a - a potion of lignification
 f - 2 potions of attraction {unknown}


   Skills:
 + Level 1.1 Fighting
 + Level 2.5 Dodging
 + Level 1.5 Stealth
 + Level 3.8 Unarmed Combat
 * Level 3.6 Shapeshifting


You had 3 spell levels left.
You didn't know any spells.
Your spell library contained the following spells:

 Spells                   Type           Power      Damage    Failure   Level
 Cause Fear               Hex            0%         N/A       96%         4
 Fireball                 Conj/Fire      0%         3d3       100%        5
 Dragon's Call            Summ           0%         N/A       100%        9


Dungeon Overview and Level Annotations

Branches:
Dungeon (2/15)

Altars:


Innate Abilities, Weirdness & Mutations

You are a hulking beast.
Your limbs bulge with bestial killing power. (Slay +2)
You cannot wear most types of armour.
You are amphibious.
You can wear up to eight rings at the same time.
Your skin changes colour to match your surroundings (Stealth+).
Your rubbery body absorbs attacks. (AC +1, EV +1)
((You are camouflaged when in or above water. (Stealth+)))
You have tentacles for arms and can constrict up to eight enemies at once.


Message History

You are too confused!
You are too confused!
You are too confused!
Unknown command.
You bump into the rock wall.
The orc shouts!
The orc wizard mumbles some strange words.
The orc wizard flickers and vanishes!
Deactivating autopickup; reactivate with Ctrl-A.
You see here a +0 leather armour.
You feel less confused. The orc misses you.
You barely miss the orc. You grab the orc. You tentacle-slap the orc.
The orc is moderately wounded.
You constrict the orc, but do no damage.
The orc closely misses you.
You tentacle-slap the orc. You squeeze the orc.
You kill the orc!
You closely miss something.
Your tentacle-slap misses something.
You barely miss something. Something hits you.
You barely miss something. Your squeeze misses something.
You hear some strange, mumbled words.
You are confused.
You completely miss something. Something hits you.
You're too confused to move!
You hear some strange, mumbled words.
A puff of flame appears from out of thin air!
The puff of flame hits you! The orc wizard casts a spell at you.
Something closely misses the orc wizard.
You bump into the rock wall.
You feel less confused. Something hits you.
You closely miss something. You barely miss something.
Your tentacle-slap misses something.
Something hits you.
You tentacle-slap something. The orc wizard casts a spell at you.
The puff of flame hits you!
You die...

......####.###.###.############..
..........................>......
.[....####.....###.#.#####.#####.
#.....############.#.# #.#..##.
#####..†.............# #.#..##. #
#.........#####.#######.#..### #
#............................. #
#.........####.########.#.####
#.........oo.h.....#<##.#.#
#..[.....####......#.##.#.####
#........#.........#.##.#.##..
....#########.........#.##.#.##.#
...o ###########.##.#.##.# ....
#.......#.# .... ######.####.#
.... #...........# ....
#.####.######


You could see an orc wizard and an orc.

Vanquished Creatures
  4 adders (D:2)
  2 dart slugs
  An orc (D:2)
  A ball python (D:1)
  3 endoplasms
  A giant cockroach (D:1)
  A goblin (D:2)
  6 hobgoblins
  4 jackals (D:1)
  3 kobolds (D:1)
  5 bats
  A frilled lizard (D:1)
  2 rats
34 creatures vanquished.

Notes
Turn   | Place    | Note
-------+----------+-------------------------------------------
     0 | D:1      | lordive the Octopode Shapeshifter began the quest for the
                  | Orb.
     0 | D:1      | Reached XP level 1. HP: 13/13 MP: 1/1
   158 | D:1      | Reached XP level 2. HP: 16/18 MP: 2/2
   243 | D:1      | Found a faded altar of an unknown god.
   738 | D:2      | Reached XP level 3. HP: 23/23 MP: 3/3
   865 | D:2      | Reached skill level 1 in Stealth
   920 | D:2      | Reached XP level 4. HP: 21/28 MP: 4/4
  1309 | D:2      | Killed from afar by an orc wizard

Illustrated notes

Levels and vault maps discovered:
D:1:      saegor_arrival_simple_e, layout_basic,
          dreamdust_ecumenical_altar_hidden_monk_grotto
D:2:      layout_basic, minmay_ruptured

Skill      XL: |  1  2  3 |
---------------+----------+-----
Stealth        | 1 |  1.5
Fighting       | |  1.1
Dodging        | |  2.5
Unarmed Combat | |  3.8
Shapeshifting  | |  3.6

Action                     |  1- 3 |  4- 6 || total
---------------------------+-------+-------++-------
  Melee: Unarmed           |    61 |    16 ||    77
         Constrict         |    13 |     3 ||    16
         Tentacles         |     8 |     2 ||    10
         Punch             |     1 |     2 ||     3
   Stab: Sleeping          |     7 |     1 ||     8
 Armour: Skin              |    28 |     8 ||    36
  Dodge: Dodged            |    47 |     4 ||    51
